 Dungeon Crawl Stone Soup version 0.31-a0-1537-g69dc257577 (webtiles) character file.

Game seed: 5301621909855719627

18547 Conn the Covert (level 12, -19/65 (68) HPs)
             Began as an Octopode Fire Elementalist on Dec 29, 2023.
             Was an Elder of Sif Muna.
             Demolished by a soul eater (22 damage)
             ... in a Gauntlet on Jan 1, 2024.
             The game lasted 00:47:58 (15502 turns).

Conn the Covert (Octopode Fire Elementalist)       Turns: 15502, Time: 00:47:59

HP:   -19/65 (68)   AC:  1    Str:  7    XL:     12   Next: 59%
MP:   2/20          EV: 16    Int: 21    God:    Sif Muna [****..]
Gold: 670           SH:  5    Dex: 14    Spells: 3/22 levels left

rFire   . . .        p - +5 dagger (elec)
rCold   . . .        (no shield)
rNeg    . . .        (helmet restricted)
rPois   .            w - amulet of reflection
rElec   .            m - ring of wizardry
rCorr   .            (no ring)
SInv    .            (no ring)
Will    .....        (no ring)
Stlth   +++++        (no ring)
HPRegen 0.00/turn    (no ring)
MPRegen 0.17/turn    (no ring)
                     (no ring)

%: no teleportation, reflection, wizardry (x1)
@: brilliant, very slightly contaminated, inhibited regen, lightly drained
A: almost no armour, amphibious, 8 rings, camouflage 1, gelatinous body 1,
(nimble swimmer 1), tentacles, inhibited regeneration, wild magic 1
a: Renounce Religion, Channel Magic, Forget Spell, Divine Exegesis


You were in a Gauntlet.
You worshipped Sif Muna.
Sif Muna was greatly pleased with you.
You visited 4 branches of the dungeon, and saw 16 of its levels.
You also visited: Gauntlet.

You collected 670 gold pieces.

Inventory:

Hand Weapons
 b - a +0 short sword
 p - a +5 dagger of electrocution (weapon)
Missiles
 h - 2 curare-tipped darts (quivered)
 v - 8 datura-tipped darts
Armour
 x - a +0 buckler
Jewellery
 m - a ring of wizardry (left tentacle)
 w - an amulet of reflection (around mantle)
 y - an amulet of guardian spirit
 E - the amulet "Qecle" {Faith rF+ Str+2}
   (You found it on level 10 of the Dungeon)

   [amulet of faith]

   Faith:     It allows you to gain divine favour quickly.
   Str+2:     It affects your strength (+2).
   rF+:       It protects you from fire.
 F - an amulet of faith
Wands
 c - a wand of mindburst (18)
 j - a wand of polymorph (9)
 t - a wand of iceblast (26)
 I - a wand of digging (6)
Scrolls
 e - a scroll of vulnerability
 f - 6 scrolls of teleportation
 g - 3 scrolls of immolation
 k - a scroll of torment
 n - a scroll of noise
 q - 3 scrolls of poison
 u - a scroll of revelation
 A - a scroll of summoning
 D - 2 scrolls of fog
Potions
 a - 2 potions of magic
 d - 2 potions of mutation
 i - a potion of cancellation
 l - 2 potions of curing
 o - 2 potions of enlightenment
 s - a potion of ambrosia
 z - 2 potions of attraction
 B - 2 potions of brilliance
 C - 3 potions of might
 G - a potion of lignification


   Skills:
 + Level 1.0 Fighting
 - Level 6.7 Dodging
 - Level 9.3 Stealth
 * Level 7.9 Shields
 + Level 5.9 Spellcasting
 * Level 8.6 Conjurations
 + Level 5.8 Hexes
 + Level 5.8 Summonings
 + Level 5.9 Translocations
 + Level 6.8 Fire Magic
 + Level 1.4 Ice Magic
 + Level 4.5 Invocations


You had 3 spell levels left.
You knew the following spells:

 Your Spells              Type           Power      Damage    Failure   Level
a - Foxfire               Conj/Fire      100%       2x1d9     1%          1
b - Scorch                Fire           100%       2d9       1%          2
c - Inner Flame           Hex/Fire       59%        N/A       1%          3
d - Flame Wave            Conj/Fire      66%        2d15      2%          4
e - Iskenderun's Mystic   Conj/Tloc      64%        2d13      3%          4
f - Call Imp              Summ           100%       N/A       1%          2
g - Hailstorm             Conj/Ice       52%        3d10      2%          3

Your spell library contained the following spells:

 Spells                   Type           Power      Damage    Failure   Level
 Dazzling Flash           Conj/Hex       100%       N/A       1%          3
 Tukima's Dance           Hex            56%        N/A       1%          3
 Volatile Blastmotes      Fire/Tloc      100%       2d18      1%          3
 Summon Ice Beast         Ice/Summ       42%        N/A       4%          3
 Cigotuvi's Dreadful Rot  Necr/Alch/Air  24%        N/A       9%          2
 Sublimation of Blood     Necr           12%        N/A       9%          2
 Dimensional Bullseye     Hex/Tloc       28%        N/A       5%          4
 Ignite Poison            Fire/Alch      40%        N/A       13%         4
 Freezing Cloud           Conj/Ice/Air   19%        6-21      32%         5
 Starburst                Conj/Fire      33%        6d10      32%         6
 Summon Hydra             Summ           28%        N/A       96%         7
 Sculpt Simulacrum        Ice/Alch       9%         N/A       99%         6
 Maxwell's Capacitive Co  Air            6%         ∞         100%        8


Dungeon Overview and Level Annotations

Branches:
Dungeon (13/15)            Temple (1/1) D:4            Lair (1/5) D:10
    Orc (1/2) D:10        Gauntlet (1/1)
 Vaults: D:13-14

Altars:
Ashenzari
Cheibriados
Dithmenos
Elyvilon
Fedhas
Gozag
Hepliaklqana
Kikubaaqudgha
Makhleb
Nemelex Xobeh
Okawaru
Qazlal
Ru
Sif Muna
Trog
Uskayaw
Vehumet
Wu Jian
Xom
Yredelemnul
Zin
The Shining One
Jiyva

Shops:
D:1 (   D:4 [   D:10 *

Annotations:
Orc:1 Erica Gauntlet 13 transporters, exclusion: obsidian statue


Innate Abilities, Weirdness & Mutations

You cannot wear most types of armour.
You are amphibious.
You can wear up to eight rings at the same time.
Your skin changes colour to match your surroundings (Stealth+).
Your rubbery body absorbs attacks. (AC +1, EV +1)
((You are camouflaged when in or above water. (Stealth+)))
You have tentacles for arms and can constrict up to eight enemies at once.
You do not regenerate when monsters are visible.
Your spells are a little harder to cast, but a little more powerful.


Message History

A wave of flame ripples out!
The flame wave engulfs the soul eater but does no damage.
The soul eater is lightly wounded.
You finish channelling waves of flame.
The soul eater is engulfed in blazing flames.
The soul eater draws from the surrounding life force!
The soul eater is healed.
You feel clever all of a sudden.
The soul eater is engulfed in blazing flames.
The soul eater closely misses you.
Casting: Flame Wave (dangerous; 2% risk of failure)
Confirm with . or Enter, or press ? or * to list all spells.
Casting: Flame Wave (dangerous; 2% risk of failure)
Press: ? - help, Dir - look around, f - activate You feel a surge of power!
You miscast Flame Wave.
You are very lightly contaminated with residual magic.
Nothing appears to happen.
You feel yourself slow down.
Casting: Flame Wave (dangerous; 2% risk of failure)
Confirm with . or Enter, or press ? or * to list all spells.
Casting: Flame Wave (dangerous; 2% risk of failure)
Press: ? - help, Dir - look around, f - activate You feel a surge of power!
A wave of flame ripples out!
The flame wave engulfs the soul eater but does no damage.
The soul eater is severely wounded. (Press . to intensify the flame waves.)
The soul eater hits you!!
* * * LOW HITPOINT WARNING * * *
You feel drained.
* * * LOW HITPOINT WARNING * * *
A wave of flame ripples out!
The flame wave engulfs the soul eater but does no damage.
The soul eater is severely wounded.
The soul eater is engulfed in blazing flames.
You block the soul eater's attack.
A wave of flame ripples out!
The flame wave engulfs the soul eater.
The soul eater is burned terribly!
The soul eater is almost dead.
You finish channelling waves of flame.
The soul eater hits you!!
You die...

##≈.....©.....≈##
#≈≈.#########.≈≈#
##≈.#...©#..#.≈##
##.#.##.#..#.##
##≈.#.##.#..#.≈##
#≈≈.#...§#°.#.≈≈#
##≈.###'°'§.#.≈##
##.#.[#.#3.#.##
##≈.#..#©#.@#.≈##
#≈≈.#########.≈≈#
##≈.#8..©#....≈##
##.#©...#.8..##
##≈.#8..©#....≈##
#≈≈.#########.≈≈#
##≈.#...Q.QQ#.≈##
##.#....#..#.##
##≈.#...###.#.≈##


You could see a soul eater (combustible), a tengu warrior and 2 tengu conjurers.

Vanquished Creatures
  Erolcha (D:13)
  3 boulder beetles
  3 two-headed ogres
  A slime creature (D:11)
  Pikel (D:5)
  An orc sorcerer (Orc:1)
  A cyclops (D:13)
  A manticore (D:13)
  4 ugly things
  Maurice (D:7)
  A cane toad (Lair:1)
  An efreet (D:13)
  3 unseen horrors
  3 trolls
  Sigmund (D:4)
  4 shadows
  19 yaks
  A vampire (D:13)
  A wyvern (D:10)
  6 wraiths
  A warg (Orc:1)
  A steam dragon (D:8)
  3 acid dragons
  A water moccasin (D:5)
  An orc warrior (D:10)
  An ice beast (D:8)
  2 sky beasts (D:7)
  2 black bears (D:5)
  A centaur (D:8)
  4 bullfrogs
  A scorpion (D:6)
  11 wights
  A vampire bat (D:12)
  6 howler monkeys
  6 hounds
  7 orc priests
  2 gnoll boudas
  6 jellies
  A sleepcap (D:6)
  2 iguanas
  Jessica (D:3)
  Natasha (twice) (D:3)
  13 orc wizards
  3 gnolls (D:9)
  4 adders
  5 shadow imps
  A white imp (D:8)
  4 ufetubi (D:5)
  A ribbon worm (D:6)
  4 dart slugs
  41 orcs
  5 endoplasms
  2 giant cockroaches
  6 goblins
  2 hobgoblins
  3 jackals (D:3)
  9 quokkas
  7 ball pythons
  9 bats
  2 frilled lizards (D:2)
  11 kobolds
  4 rats (D:1)
256 creatures vanquished.

Vanquished Creatures (others)
  504 foxfires
504 creatures vanquished.

Grand Total: 760 creatures vanquished

Notes
Turn   | Place    | Note
-------+----------+-------------------------------------------
     0 | D:1      | Conn the Octopode Fire Elementalist began the quest for the
                  | Orb.
     0 | D:1      | Reached XP level 1. HP: 11/11 MP: 3/3
   217 | D:1      | Reached skill level 3 in Stealth
   217 | D:1      | Reached XP level 2. HP: 17/17 MP: 0/5
   226 | D:1      | Learned a level 2 spell: Scorch
   559 | D:1      | Found Hoifrel's Weapon Boutique.
   915 | D:2      | Reached XP level 3. HP: 17/21 MP: 2/6
  1187 | D:2      | You fall into a shaft and drop 1 floor!
  1268 | D:3      | Learned a level 3 spell: Inner Flame
  1399 | D:3      | Found a hazy altar of Hepliaklqana.
  1411 | D:3      | Noticed Natasha
  1417 | D:3      | Killed Natasha
  1418 | D:3      | Reached XP level 4. HP: 27/27 MP: 2/7
  2169 | D:3      | Noticed Natasha
  2191 | D:4      | Found a staircase to the Ecumenical Temple.
  2199 | Temple   | Entered the Ecumenical Temple
  2249 | D:3      | Killed Natasha
  2251 | D:3      | Reached XP level 5. HP: 31/31 MP: 0/8
  2351 | D:3      | Noticed Jessica
  2355 | D:3      | Killed Jessica
  2356 | D:3      | Reached skill level 4 in Stealth
  2393 | D:3      | Reached skill level 1 in Hexes
  2559 | D:4      | Found Noler's Antique Armour Shop.
  2786 | D:4      | Found a shimmering blue altar of Sif Muna.
  2791 | D:4      | Became a worshipper of Sif Muna the Loreminder
  2872 | D:4      | Noticed Sigmund
  2876 | D:4      | Killed Sigmund
  2877 | D:4      | Reached XP level 6. HP: 28/36 MP: 1/10
  3458 | D:4      | Learned a level 4 spell: Flame Wave
  3471 | D:5      | Entered Level 5 of the Dungeon
  3490 | D:5      | Reached * piety under Sif Muna
  3639 | D:5      | Noticed a black bear
  3648 | D:5      | Killed a black bear
  3649 | D:5      | Reached skill level 5 in Stealth
  3649 | D:5      | Reached skill level 1 in Shields
  3649 | D:5      | Reached XP level 7. HP: 28/41 MP: 2/11
  4580 | D:5      | Noticed Pikel
  4585 | D:5      | Killed Pikel
  4586 | D:5      | Reached XP level 8. HP: 41/46 MP: 5/13
  4711 | D:5      | Reached skill level 5 in Conjurations
  4813 | D:5      | Learned a level 4 spell: Iskenderun's Mystic Blast
  4899 | D:6      | Reached skill level 6 in Stealth
  5472 | D:6      | Noticed a wraith
  5478 | D:6      | Killed a wraith
  5479 | D:6      | Reached skill level 5 in Fire Magic
  5479 | D:6      | Reached XP level 9. HP: 38/51 MP: 7/15
  5817 | D:7      | Noticed Maurice
  5832 | D:7      | Killed Maurice
  6076 | D:7      | Reached ** piety under Sif Muna
  6179 | D:7      | Found a shimmering altar of Xom.
  6388 | D:7      | Gained mutation: You do not regenerate when monsters are
                  | visible. [potion of mutation]
  6388 | D:7      | Gained mutation: Your spells are a little harder to cast,
                  | but a little more powerful. [potion of mutation]
  6479 | D:7      | Learned a level 2 spell: Call Imp
  6600 | D:8      | Reached skill level 1 in Translocations
  6800 | D:8      | Reached skill level 7 in Stealth
  6800 | D:8      | Reached skill level 5 in Shields
  6800 | D:8      | Reached skill level 1 in Summonings
  6805 | D:8      | Noticed a two-headed ogre
  6811 | D:8      | Killed a two-headed ogre
  6812 | D:8      | Reached skill level 5 in Dodging
  6812 | D:8      | Reached skill level 1 in Invocations
  6812 | D:8      | Reached XP level 10. HP: 15/56 MP: 4/16
  7273 | D:8      | Found an iron altar of Okawaru.
  7622 | D:9      | Noticed a two-headed ogre
  7629 | D:9      | Killed a two-headed ogre
  8229 | D:9      | Reached *** piety under Sif Muna
  8230 | D:9      | Reached skill level 5 in Spellcasting
  8231 | D:9      | Reached skill level 8 in Stealth
  8232 | D:9      | HP: 1/56 [yak (17)]
  8461 | D:9      | Reached XP level 11. HP: 61/61 MP: 10/18
  8610 | D:9      | Found a viscous altar of Jiyva.
  8879 | D:10     | Entered Level 10 of the Dungeon
  9275 | D:10     | Found Beoqel's General Store.
  9677 | D:10     | Identified the amulet "Qecle" {Faith rF+ Str+2}
  9787 | D:10     | Found a staircase to the Lair.
  9810 | D:10     | Found a staircase to the Orcish Mines.
 10007 | D:11     | Reached skill level 5 in Hexes
 10203 | D:11     | Noticed a boulder beetle
 10218 | D:11     | Killed a boulder beetle
 10476 | D:11     | Reached **** piety under Sif Muna
 11082 | D:12     | Noticed a brown ugly thing
 11089 | D:12     | Killed a brown ugly thing
 11090 | D:12     | Reached skill level 5 in Translocations
 11365 | D:12     | Noticed a boulder beetle
 11560 | D:13     | Upgraded the game from 0.31-a0-1476-g8a4046af8c to
                  | 0.31-a0-1537-g69dc257577
 11610 | D:13     | Noticed a brown ugly thing
 11628 | D:13     | Killed a brown ugly thing
 11629 | D:13     | Reached skill level 5 in Summonings
 11751 | D:13     | Noticed a two-headed ogre
 11762 | D:13     | Noticed a boulder beetle
 11764 | D:13     | Killed a two-headed ogre
 12092 | D:12     | Noticed a red ugly thing
 12125 | D:12     | Killed a red ugly thing
 12126 | D:12     | Reached skill level 9 in Stealth
 12126 | D:12     | Reached XP level 12. HP: 10/66 MP: 1/20
 12804 | D:12     | Noticed a boulder beetle
 12819 | D:12     | Killed a boulder beetle
 13341 | D:13     | Noticed Erolcha
 13347 | D:13     | Killed Erolcha
 13553 | D:13     | Killed a boulder beetle
 13791 | D:13     | Learned a level 3 spell: Hailstorm
 14587 | D:13     | Reached skill level 1 in Ice Magic
 14889 | Orc:1    | Entered Level 1 of the Orcish Mines
 14898 | Orc:1    | HP: 5/100 [orc warrior/+0 trident (5)]
 14901 | Orc:1    | Noticed Erica
 15174 | Lair:1   | Entered Level 1 of the Lair of Beasts
 15203 | Lair:1   | Reached skill level 1 in Fighting
 15307 | Lair:1   | Found a gate leading to a gauntlet.
 15319 | Gauntlet | Entered a Gauntlet
 15319 | Gauntlet | Found a transporter.
 15322 | Gauntlet | Noticed a soul eater
 15326 | Gauntlet | Found a runed translucent gate.
 15328 | Gauntlet | Found a runed translucent gate.
 15328 | Gauntlet | Found a transporter.
 15329 | Gauntlet | Found a runed translucent gate.
 15331 | Gauntlet | Found a transporter.
 15332 | Gauntlet | Found a transporter.
 15334 | Gauntlet | Noticed a tengu warrior
 15343 | Gauntlet | Found a transporter.
 15343 | Gauntlet | Found a transporter.
 15344 | Gauntlet | Found a transporter.
 15353 | Gauntlet | Found a transporter.
 15355 | Gauntlet | Found a transporter.
 15356 | Gauntlet | Found a transporter.
 15364 | Gauntlet | Found a transporter.
 15367 | Gauntlet | Found a transporter.
 15369 | Gauntlet | Found a transporter.
 15379 | Gauntlet | Found a transporter.
 15500 | Gauntlet | HP: 3/65 [soul eater (1)]
 15502 | Gauntlet | Demolished by a soul eater

Illustrated notes

Levels and vault maps discovered:
D:1:      matt_arrival_refuge, layout_loops_ring, serial_shops,
          nicolae_shop_bloodbath_and_beyond
D:2:      layout_loops_corners
D:3:      kennysheep_six_static_rooms, layout_rooms,
          mainiacjoe_overflow_concentric_impassable, uniq_jessica, uniq_natasha
D:4:      layout_rooms, mainiacjoe_overflow_six_doors_small,
          minmay_temple_entry_arrows, serial_shops, nicolae_shop_peninsula,
          minmay_increasing_density, uniq_sigmund
D:5:      layout_basic, chequers_serial_rivers_room_a, minmay_stone_trees_small,
          uniq_pikel
D:6:      layout_basic, cheibrodos_sewer_entry_bend
D:7:      layout_basic, xom_teletrap_fun, uniq_maurice
D:8:      layout_cave_pools, okawaru_trees_1, hangedman_abyss_or_decor_passed,
          dreamdust_gnoll_shepherd
D:9:      layout_basic, jiyva_altar_1
D:10:     layout_irregular_city, lair_entry_dummy, orc_0_dummy, serial_shops,
          shop
D:11:     layout_roguey
D:12:     layout_loops_corners, minmay_misc_feat_rows, roderic_batcave
D:13:     layout_stronghold, uniq_erolcha
Temple:   nicolae_temple_no_exploring_needed
Lair:1:   layout_gridlike, gauntlet_entry_generic, grunt_megastairs_5
Orc:1:    layout_caves, basic_altar, ebering_ghost_rock_garden, uniq_erica,
          uniq_fannar
Gauntlet: gammafunk_gauntlet_77_escape_option
          [minmay_gauntlet_arena_77_run_for_it,
          minmay_gauntlet_arena_77_double_cross, minmay_gauntlet_arena_77_mess,
          minmay_gauntlet_arena_77_p_blocks,
          minmay_gauntlet_arena_77_chump_sandwich, gauntlet_exit_hidden_loot]

Skill      XL: |  1  2  3  4  5  6  7  8  9 10 11 12 |
---------------+-------------------------------------+-----
Stealth        | 3 4 5 6 7 8 9 |  9.3
Conjurations   | 2 3 4 5 6 7 8 |  8.6
Hexes          | 1 2 3 4 5 |  5.8
Dodging        | 3 4 5 6 |  6.7
Spellcasting   | 3 4 5 |  5.9
Fire Magic     | 4 5 6 |  6.8
Shields        | 1 3 4 5 6 7 |  7.9
Translocations | 2 3 5 |  5.9
Summonings     | 2 3 5 |  5.8
Invocations    | 1 2 3 4 |  4.5
Ice Magic      | 1 |  1.4
Fighting       | 1 |  1.0

Action                     |  1- 3 |  4- 6 |  7- 9 | 10-12 || total
---------------------------+-------+-------+-------+-------++-------
  Melee: Short sword       |    50 |       |       |       ||    50
         Unarmed           |     4 |       |       |       ||     4
         Constrict         |    13 |    10 |    12 |     3 ||    38
         Tentacles         |    10 |     7 |    12 |    10 ||    39
         Punch             |     1 |       |     2 |       ||     3
         Dagger            |       |    33 |    53 |    29 ||   115
  Throw: Dart              |       |       |       |     5 ||     5
   Cast: Foxfire           |    18 |    51 |    51 |   168 ||   288
         Scorch            |       |     3 |    28 |    78 ||   109
         Inner Flame       |       |     2 |     4 |    61 ||    67
         Flame Wave        |       |     2 |     3 |    18 ||    23
         Call Imp          |       |       |       |    33 ||    33
         Iskenderun's Myst |       |       |       |    12 ||    12
         Hailstorm         |       |       |       |     5 ||     5
 Invoke: Channel Magic     |       |       |       |     2 ||     2
  Evoke: Wand              |       |       |     2 |     3 ||     5
    Use: Scroll            |       |     2 |    14 |    13 ||    29
         Potion            |       |       |     6 |    11 ||    17
   Stab: Sleeping          |    13 |     5 |     9 |     5 ||    32
         Distracted        |       |       |       |     2 ||     2
 Armour: Skin              |    17 |    19 |    34 |    88 ||   158
  Dodge: Dodged            |    34 |    20 |    51 |    54 ||   159
  Block: Other             |       |     2 |    16 |    20 ||    38
         Reflection        |       |     1 |       |       ||     1

Table legend: (Time is in decaauts)
 A = Elapsed time spent in this place.
 B = Non-inter-level travel time spent in this place.
 C = Inter-level travel time spent in this place.
 D = Time resting spent in this place.
 E = Time spent auto-exploring this place.
 F = Levels seen in this place.
 G = Mean time per level.
                   A        B        C        D        E       F      G
               +--------+--------+--------+--------+--------+-----+--------+
         Total |  15497 |  15082 |    415 |    739 |  11021 |  17 |  911.6 |
       Dungeon |  15163 |  14748 |    415 |    739 |  10925 |  13 | 1166.4 |
        Temple |      1 |      1 |      0 |      0 |      0 |   1 |    1.0 |
          Lair |    144 |    144 |      0 |      0 |     96 |   1 |  144.0 |
  Orcish Mines |     17 |     17 |      0 |      0 |      0 |   1 |   17.0 |
      Gauntlet |    169 |    169 |      0 |      0 |      0 |   1 |  169.0 |
               +--------+--------+--------+--------+--------+-----+--------+

Top non-repeatable levels by time:
    D:13: 2096 daAuts
    D:12: 1697 daAuts
     D:5: 1358 daAuts
     D:9: 1321 daAuts
     D:8: 1218 daAuts
    D:10: 1210 daAuts
    D:11: 1096 daAuts
     D:4: 942 daAuts
     D:2: 932 daAuts
     D:6: 891 daAuts
     D:1: 837 daAuts
     D:7: 802 daAuts
     D:3: 757 daAuts
Gauntlet: 169 daAuts
  Lair:1: 144 daAuts
